 Dungeon Crawl Stone Soup version 0.18.1-50-g88ac8fd (webtiles) character file.

222 magog001 the Covered (level 5, 0/47 HPs)
             Began as a Minotaur Fighter on May 30, 2017.
             Succumbed to kobold's curare-tipped needle
             ... on level 3 of the Dungeon on May 31, 2017.
             The game lasted 00:14:11 (2395 turns).

magog001 the Covered (Minotaur Fighter)             Turns: 2395, Time: 00:14:11

Health: 0/47       AC: 12    Str: 26    XL:     5   Next: 66%
Magic:  4/4        EV:  7    Int:  5    God:
Gold:   84         SH: 10    Dex: 10    Spells: 0 memorised, 4 levels left

rFire  + . .     SeeInvis .     s - +2 hand axe (elec)
rCold  + . .     Gourm    .     l - +3 chain mail {rN+}
rNeg   + . .     Faith    .     c - +0 shield
rPois  +         Spirit   .     (helmet restricted)
rElec  +         Dismiss  .     (no cloak)
rCorr  +         Reflect  .     (no gloves)
SustAt .         Harm     .     (no boots)
MR     .....                    (no amulet)
Stlth  ..........               (no ring)
                                (no ring)

@: mighty, lethally poisoned (0 -> -8), resistant, slowed, very slow, not
resistant to hostile enchantments, extremely unstealthy
A: retaliatory headbutt, horns 2
a: no special abilities


You were on level 3 of the Dungeon.
You were not hungry.

You visited 1 branch of the dungeon, and saw 3 of its levels.

You collected 84 gold pieces.

Inventory:

Hand Weapons
 a - a +0 war axe
 e - a +0 whip of electrocution
 s - a +2 hand axe of electrocution (weapon)
 t - a +0 blowgun
Missiles
 g - 2 javelins (quivered)
 o - 29 poisoned needles
Armour
 c - a +0 shield (worn)
 l - a +3 chain mail of positive energy (worn)
Wands
 p - a wand of iceblast (5/15)
Scrolls
 b - a scroll of magic mapping {unknown}
 j - 5 scrolls of identify
 u - a scroll of teleportation {unknown}
Potions
 m - a potion of ambrosia
Comestibles
 f - 2 bread rations
 h - 5 fruits
 i - 2 meat rations
 q - 5 chunks of flesh


   Skills:
 + Level 4.6 Fighting
 + Level 3.6 Axes
 + Level 4.7 Armour
 + Level 2.7 Dodging
 + Level 0.6 Stealth
 + Level 4.6 Shields


You had 4 spell levels left.
You didn't know any spells.

Dungeon Overview and Level Annotations

Branches:
Dungeon (3/15)

Altars:


Innate Abilities, Weirdness & Mutations

You reflexively headbutt those who attack you in melee.
You have a pair of horns on your head.


Message History

Drink which item? (? for menu, Esc to quit)
It was a potion of resistance.
You feel protected.
* * * LOW HITPOINT WARNING * * *
You feel sick.
* * * LOW HITPOINT WARNING * * *
You feel sick. You block Natasha's attack.
You closely miss Natasha. You headbutt Natasha!
You kill Natasha!
Natasha screams in fury as she dies!
* * * LOW HITPOINT WARNING * * *
You feel sick.
The crimson imp disappears in a puff of smoke!
The kobold shoots a curare-tipped needle.
The curare-tipped needle hits you.
You slash the kobold!
You kill the kobold!
* * * LOW HITPOINT WARNING * * *
You feel sick.
You die...

###.#####.....#
#.#####.#.#.#
#.#.......#.# #
#.###.#.#.#
#.......#.#
########
#####.#.#.#
.......#
..<#.#.#
######.#
###.#(#.# #.#
#@#.# #### #.#
#.#.# ...###.#
#)#.# ##†....#
#.#.# #.....#
#.#.# #.....#
.(#.# #.....#
###.# #.....#
#.# ##.....#
#.#


There were no monsters in sight!

Vanquished Creatures
  An orc wizard (D:3)
  Terence (D:2)
  Natasha (D:3)
  6 adders
  3 oozes (D:3)
  2 worms (D:2)
  A dart slug (D:1)
  9 orcs (D:3)
  2 giant cockroaches (D:3)
  9 goblins
  7 hobgoblins
  5 bats
  A giant newt (D:3)
  11 kobolds
  6 rats
65 creatures vanquished.

Notes
Turn   | Place    | Note
--------------------------------------------------------------
     0 | D:1      | magog001 the Minotaur Fighter began the quest for the Orb.
     0 | D:1      | Reached XP level 1. HP: 19/19 MP: 0/0
   382 | D:1      | Reached XP level 2. HP: 24/27 MP: 1/1
   985 | D:2      | Reached XP level 3. HP: 33/33 MP: 2/2
  1160 | D:2      | Reached skill level 1 in Dodging
  1293 | D:2      | Noticed Terence
  1302 | D:2      | Killed Terence
  1302 | D:2      | Reached XP level 4. HP: 40/40 MP: 3/3
  1930 | D:3      | Reached XP level 5. HP: 34/46 MP: 4/4
  2384 | D:3      | Noticed Natasha
  2393 | D:3      | Killed Natasha
  2394 | D:3      | HP: 1/47 [poisoned by kobold (curare-tipped needle)]
  2395 | D:3      | Succumbed to kobold's curare-tipped needle

Skill      XL: |  1  2  3  4 |
---------------+-------------+-----
Axes           | 3 |  3.6
Armour         | 4 |  4.7
Shields        | 4 |  4.6
Dodging        | 1 2 |  2.7
Fighting       | 4 |  4.6
Stealth        | |  0.6

Action                   |  1- 3 |  4- 6 || total
-------------------------+-------+-------++-------
Melee: War axe           |    75 |    85 ||   160
       Headbutt          |     9 |    14 ||    23
       Hand axe          |       |    17 ||    17
Throw: Javelin           |       |     1 ||     1
  Use: Potion            |     2 |     3 ||     5
       Scroll            |       |     7 ||     7
  Eat: Chunk             |     1 |     4 ||     5
Armor: Scale mail        |    34 |       ||    34
       Chain mail        |       |    75 ||    75
Dodge: Dodged            |    20 |    27 ||    47
Block: Shield            |    37 |    48 ||    85
